 Dungeon Crawl Stone Soup version 0.27.1-1-g398f81649c (webtiles) character file.

Game seed: 15260955111121816674

65 AarnesTheHuman the Chucker (level 4, -3/48 HPs)
             Began as an Ogre Hunter on Sept 8, 2021.
             Was a Believer of Jiyva.
             Slain by a bullfrog (4 damage)
             ... on level 3 of the Dungeon.
             The game lasted 00:04:52 (2527 turns).

AarnesTheHuman the Chucker (Ogre Hunter)            Turns: 2527, Time: 00:04:53

Health: -3/48      AC:  3    Str: 17    XL:     4   Next: 14%
Magic:  4/4        EV: 10    Int: 12    God:    Jiyva [**....]
Gold:   56         SH:  0    Dex:  9    Spells: 3/3 levels left

rFire    . . .     SeeInvis .   a - +0 short sword
rCold    . . .     Faith    .   (no shield)
rNeg     . . .     Spirit   .   b - +0 robe
rPois    .         Reflect  .   (helmet restricted)
rElec    .         Harm     .   (no cloak)
rCorr    .         Rampage  .   (gloves unavailable)
Will     .....                  (boots unavailable)
Stlth    +.........             (no amulet)
HPRegen  0.16/turn              (no ring)
MPRegen  0.09/turn              (no ring)

@: no status effects
A: large, unfitting armour, tough skin 1
a: Renounce Religion, Request Jelly


You were on level 3 of the Dungeon.
You worshipped Jiyva.
Jiyva was pleased with you.
You visited 1 branch of the dungeon, and saw 3 of its levels.

You collected 56 gold pieces.

Inventory:

Hand Weapons
 a - a +0 short sword (weapon)
Missiles
 g - 18 poisoned darts (quivered)
Armour
 b - a +0 robe (worn)
Scrolls
 e - a scroll of amnesia {unknown}
 i - a scroll of fear {unknown}
 k - a scroll of enchant armour {unknown}
 l - a scroll of torment {unknown}
Potions
 f - a potion of invisibility {unknown}
 h - a potion of might {unknown}
 j - a potion of resistance {unknown}


   Skills:
 + Level 3.9 Fighting
 + Level 4.5 Throwing
 + Level 2.6 Dodging
 - Level 0.6 Stealth


You had 3 spell levels left.
You didn't know any spells.
Your spell library contained the following spells:

 Spells                   Type           Power      Damage    Failure   Level
 Animate Skeleton         Necr           0%         N/A       32%         1
 Apportation              Tloc           0%         N/A       32%         1
 Corona                   Hex            0%         N/A       32%         1
 Foxfire                  Conj/Fire      0%         2x1d4     32%         1
 Summon Small Mammal      Summ           0%         N/A       32%         1
 Conjure Flame            Conj/Fire      0%         6-21      69%         3
 Inner Flame              Hex/Fire       0%         N/A       69%         3
 Cause Fear               Hex            0%         N/A       97%         4
 Discord                  Hex            0%         N/A       100%        8


Dungeon Overview and Level Annotations

Branches:
Dungeon (3/15)

Altars:
Jiyva

Annotations:
D:3 Alannah's ghost, amateur DsWz


Innate Abilities, Weirdness & Mutations

You are too large for most types of armour.
You have tough skin. (AC +1)


Message History

Aim: a bullfrog (50% to hit)
You throw a poisoned dart. The poisoned dart hits the bullfrog.
The bullfrog is poisoned.
The bullfrog hits you.
Throw: 19 darts (poison)
Press: ? - help, Q - select action, (/) - cycle Shift-Dir - straight line, f/p - bullfrog
Aim: a bullfrog (lightly wounded, poisoned, 50% to hit)
You throw a poisoned dart. The poisoned dart hits the bullfrog.
The bullfrog looks even sicker.
The bullfrog is lightly wounded.
The bullfrog hits you!
You closely miss the bullfrog.
The bullfrog is lightly wounded.
The bullfrog completely misses you. The bullfrog barely misses you.
You hit the bullfrog.
The bullfrog is moderately wounded.
The bullfrog closely misses you.
You completely miss the bullfrog.
The bullfrog is moderately wounded.
The bullfrog hits you. The bullfrog misses you.
You miss the bullfrog.
The bullfrog is moderately wounded.
The bullfrog hits you.
* * * LOW HITPOINT WARNING * * *
The bullfrog barely misses you.
Okay, then.
Unknown command.
You barely miss the bullfrog.
The bullfrog is moderately wounded.
The bullfrog hits you.
* * * LOW HITPOINT WARNING * * *
You hit the bullfrog.
The bullfrog is heavily wounded.
The bullfrog barely misses you. The bullfrog hits you!
* * * LOW HITPOINT WARNING * * *
Alannah's ghost gestures wildly while chanting.
You barely miss the bullfrog.
The bullfrog is heavily wounded.
The bullfrog hits you.
You die... #+##+####### #≈≈≈# #..........# #≈?≈# #..........# #≈≈≈# #..........# #≈≈5# .#..........# #≈5w# ............# #SWr#

#.........#
##F##
#.........#
#.@.# ###
#.........#
#.J## #<#
#.........###.##
#.#
#.........##..#
#.#
#............##
#.#
###+#+#####.##
#.# #.# #.#
#.#######.##
#(.........#


You could see a bullfrog (poisoned), a worm, Alannah's ghost, an adder, 2 white
imps, a quokka and a neutral jelly (wandering) (fellow slime).

Vanquished Creatures
  2 adders (D:2)
  A worm (D:3)
  2 dart slugs
  5 ball pythons
  3 endoplasms (D:1)
  3 giant cockroaches (D:1)
  2 goblins (D:1)
  3 hobgoblins (D:1)
  2 kobolds (D:1)
  3 quokkas
  5 bats
  2 frilled lizards (D:1)
  3 rats
36 creatures vanquished.

Vanquished Creatures (others)
  A jelly (D:2)
  3 adders (D:2)
  2 worms (D:2)
  A dart slug (D:2)
  2 endoplasms (D:2)
  A hobgoblin (D:2)
  A kobold (D:2)
  A quokka (D:2)
  3 ball pythons (D:2)
  2 frilled lizards
  3 plants (D:1)
20 creatures vanquished.

Grand Total: 56 creatures vanquished

Notes
Turn   | Place    | Note
-------+----------+-------------------------------------------
     0 | D:1      | AarnesTheHuman the Ogre Hunter began the quest for the Orb.
     0 | D:1      | Reached XP level 1. HP: 22/22 MP: 1/1
   257 | D:1      | Reached XP level 2. HP: 24/31 MP: 2/2
   911 | D:1      | Reached XP level 3. HP: 37/37 MP: 3/3
  1148 | D:1      | Found a faded altar of an unknown god.
  1167 | D:1      | Became a worshipper of Jiyva Jemnu the Shapeless
  1167 | D:1      | Reached * piety under Jiyva
  1558 | D:2      | Reached ** piety under Jiyva
  2373 | D:2      | Reached XP level 4. HP: 44/48 MP: 4/4
  2463 | D:3      | Found a runed translucent door.
  2499 | D:3      | Noticed Alannah's ghost (amateur DsWz)
  2499 | D:3      | Noticed a bullfrog
  2526 | D:3      | HP: 1/48 [bullfrog (8)]
  2527 | D:3      | Slain by a bullfrog

Illustrated notes

Levels and vault maps discovered:
D:1:      lightli_arrival_flooded_house, layout_loops_ring,
          ebering_ecumenical_altar_box, minmay_misc_feat_rows, minmay_3d_cube
D:2:      layout_basic, kennysheep_generic_room_5
D:3:      layout_basic, ebering_ghost_sewer_f

Skill      XL: |  1 |
---------------+----+-----
Fighting       | 3 |  3.9
Dodging        | 2 |  2.6
Throwing       | |  4.5
Stealth        | |  0.6

Action                   |  1- 3 |  4- 6 || total
-------------------------+-------+-------++-------
Melee: Short sword       |   139 |    21 ||   160
Throw: Large rock        |     3 |     8 ||    11
       Dart              |       |     2 ||     2
       Throwing net      |       |     2 ||     2
 Stab: Sleeping          |     1 |       ||     1
Armor: Robe              |    48 |     2 ||    50
Dodge: Dodged            |    82 |    10 ||    92
